 Dungeon Crawl Stone Soup version 0.29.1 (webtiles) character file.

Game seed: 16919516846541943470

637 qw the Chopper (level 7, -8/43 HPs)
             Began as a Gargoyle Fighter on Sept 13, 2022.
             Mangled by an ogre
             ... wielding a +0 giant spiked club
              (31 damage)
             ... on level 5 of the Dungeon.
             The game lasted 00:01:53 (5172 turns).

qw the Chopper (Gargoyle Fighter)                   Turns: 5172, Time: 00:01:53

Health: -8/43      AC: 11    Str: 21    XL:     7   Next: 50%
Magic:  7/7        EV:  9    Int:  9    God:
Gold:   214        SH:  4    Dex:  9    Spells: 6/6 levels left

rFire   . . .      SeeInvis .   Y - +3 war axe (chaos)
rCold   . . .      Faith    .   c - +0 buckler
rNeg    + . .      Spirit   .   b - +0 scale mail
rPois   inf        Reflect  .   (no helmet)
rElec   +          Harm     .   (no cloak)
rCorr   .          Rampage  .   (no gloves)
Will    .....                   (no boots)
Stlth   ..........              (no amulet)
HPRegen 0.14/turn               (no ring)
MPRegen 0.10/turn               (no ring)

@: no status effects
A: sickness immunity, AC +4, negative energy resistance 1, electricity
resistance, torment resistance 1, petrification resistance
a: no special abilities


You were on level 5 of the Dungeon.
You visited 1 branch of the dungeon, and saw 5 of its levels.
You also visited: Sewer.

You collected 214 gold pieces.


Innate Abilities, Weirdness & Mutations

You are immune to sickness and miasma.
Your stone body is resilient. (AC +4)
You are immune to poison.
You resist negative energy. (rN+)
You are resistant to electric shocks. (rElec)
You are resistant to unholy torment.
You are immune to petrification.


   Skills:
 + Level 4.0 Fighting
 - Level 7.0 Axes
 - Level 3.2 Armour
 - Level 1.1 Dodging
 - Level 3.2 Shields


You had 6 spell levels left.
You didn't know any spells.
Your spell library was empty.

Inventory:

Hand Weapons
 k - a +0 flail
 Y - a +3 war axe of chaos (weapon)
Armour
 b - a +0 scale mail (worn)
 c - a +0 buckler (worn)
Jewellery
 f - a ring of protection from fire
Potions
 a - a potion of invisibility {unknown}
 d - a potion of might
 e - a potion of magic {unknown}
 g - a potion of cancellation {unknown}
 h - 2 potions of heal wounds
 i - a potion of haste {unknown}
 j - a potion of curing {unknown}

Dungeon Overview and Level Annotations

Branches:
Dungeon (5/15)              Sewer (visited)
 Temple: D:4-7

Altars:
Qazlal
Yredelemnul

Annotations:
D:3 4 runed translucent doors, Crazy Yiuf; qw's ghost, amateur GrFi


Message History

You now have 214 gold pieces (gained 20).
A gnoll comes into view. It is wielding a +0 club.
The gnoll shouts!
A gnoll comes into view. It is wielding a +0 halberd.
The gnoll moves out of view.
5161 ||| Stepping ~*~*~tactically~*~*~ (stealth).
An ogre comes into view. It is wielding a +0 giant spiked club.
The ogre shouts!
5162 ||| Stepping ~*~*~tactically~*~*~ (stealth).
A gnoll comes into view. It is wielding a +0 whip.
5165 ||| Stepping ~*~*~tactically~*~*~ (stealth).
5166 ||| Stepping ~*~*~tactically~*~*~ (stealth).
The gnoll attacks as you move away! You block the gnoll's attack.
The gnoll shouts!
You slash the gnoll!
The gnoll is poisoned.
The gnoll is severely wounded.
The gnoll hits you with a +0 club.
You completely miss the gnoll.
The gnoll is severely wounded.
You barely miss the ogre. The ogre completely misses you.
The gnoll closely misses you.
You slash the gnoll!
You kill the gnoll!
You slash the ogre!
The ogre resists with some effort.
The ogre closely misses you. The gnoll closely misses you.
Your Axes skill increases to level 7!
You slash the ogre! You burn the ogre.
The ogre is severely wounded.
You block the ogre's attack.
The gnoll hits you from afar with a +0 halberd.
You hit the ogre.
The ogre seems to speed up.
The ogre is almost dead.
The ogre hits you with a +0 giant spiked club!!
Ouch! That really hurt!
The gnoll hits you from afar with a +0 halberd!
5172 ||| DRINKING 3 potions of heal wounds.
You feel much better.
The ogre hits you with a +0 giant spiked club!!
Ouch! That really hurt!
You die...

##<........##.
#.............
#(......##.###
##......##.#
~.~##......##(#####
!~?'....?.........##
~.~####.......###..####
¤¤ #..........# ##....#
~ #....@)....# ####.###
##.?.O......# #..).
#.....g.....# ####.
##....#?###.# #.
##.....# #.# #. #...###
#. #.... #. ###... ##
#..g #


You could see an ogre (fast) and a gnoll.

Vanquished Creatures
  A black bear (D:4)
  An ogre (D:5)
  2 kobold brigands (Sewer)
  2 hounds
  2 iguanas
  An orc wizard (D:3)
  A hound zombie (D:3)
  5 gnolls
  3 adders
  2 river rats (Sewer)
  A worm (D:3)
  A dart slug (D:3)
  3 orcs (D:3)
  4 endoplasms
  2 giant cockroaches
  4 goblins
  2 hobgoblins
  7 jackals
  A quokka (D:1)
  5 ball pythons
  A ball python zombie (D:3)
  6 bats
  4 frilled lizards
  9 kobolds
  10 rats
80 creatures vanquished.

Vanquished Creatures (collateral kills)
  An adder (D:3)
  A hobgoblin (D:3)
  A quokka (D:3)
3 creatures vanquished.

Grand Total: 83 creatures vanquished

Notes
Turn   | Place    | Note
-------+----------+-------------------------------------------
     0 | D:1      | qw the Gargoyle Fighter began the quest for the Orb.
     0 | D:1      | Reached XP level 1. HP: 14/14 MP: 1/1
     0 | D:1      | 0 ||| qw: Version: 0.1-a-119-g272c26d
     0 | D:1      | 0 ||| qw: Game counter: 11168
     0 | D:1      | 0 ||| qw: Always use a shield: true
     0 | D:1      | 0 ||| qw: God list: Okawaru
     0 | D:1      | 0 ||| qw: Allow faded altars: false
     0 | D:1      | 0 ||| qw: Do Orc after D:15 true
     0 | D:1      | 0 ||| qw: Do second Lair branch before Depths: true
     0 | D:1      | 0 ||| qw: Lair rune preference: random
     0 | D:1      | 0 ||| qw: Plans: Normal, Zot, God:TSO, Crypt, Tomb, Pan,
                  | Slime, Hells, Zig, Abyss, Orb
     0 | D:1      | 0 ||| PLANNING D:1-11
   120 | D:1      | Reached skill level 2 in Axes
   638 | D:1      | Reached XP level 2. HP: 13/19 MP: 2/2
   838 | D:1      | 838 ||| DROPPING +0 club.
  1248 | D:1      | 1248 ||| READING 2 scrolls labelled ARAHOSCH AMAZU.
  1249 | D:1      | 1249 ||| DROPPING +0 whip.
  1250 | D:1      | 1250 ||| READING scroll of brand weapon.
  1250 | D:1      | 1250 ||| BRANDING +0 war axe of flaming.
  1292 | D:2      | 1292 ||| STAIRDANCE
  1339 | D:2      | You fall into a shaft and drop 1 floor!
  1341 | D:3      | Found a runed translucent gate.
  1341 | D:3      | Found a runed translucent gate.
  1341 | D:3      | Found a runed translucent gate.
  1341 | D:3      | Noticed qw's ghost (amateur GrFi)
  1343 | D:3      | 1343 ||| DRINKING 2 sedimented puce potions.
  1344 | D:3      | 1344 ||| DROPPING potion of degeneration.
  1345 | D:3      | Found a basalt altar of Yredelemnul.
  1354 | D:3      | Reached skill level 3 in Axes
  1354 | D:3      | Reached XP level 3. HP: 20/23 MP: 3/3
  1434 | D:3      | 1434 ||| READING scroll labelled POEDGH MAGHE.
  1465 | D:2      | 1465 ||| Stepping ~*~*~tactically~*~*~ (stealth).
  1466 | D:2      | 1466 ||| Stepping ~*~*~tactically~*~*~ (stealth).
  1471 | D:2      | 1471 ||| Stepping ~*~*~tactically~*~*~ (stealth).
  1472 | D:2      | 1472 ||| Stepping ~*~*~tactically~*~*~ (stealth).
  1683 | D:2      | Reached XP level 4. HP: 28/28 MP: 4/4
  1999 | D:2      | 1999 ||| Stepping ~*~*~tactically~*~*~ (stealth).
  2001 | D:2      | 2001 ||| Stepping ~*~*~tactically~*~*~ (stealth).
  2019 | D:2      | Reached skill level 4 in Axes
  2389 | D:2      | 2389 ||| READING scroll labelled ROIROGGAEM.
  2441 | D:2      | 2441 ||| READING scroll labelled KEEGEZ UMELOAMMO.
  2444 | D:2      | 2444 ||| READING scroll labelled ETHIWEGIRU.
  2502 | D:3      | Found a stormy altar of Qazlal.
  2855 | D:3      | 2855 ||| READING scroll labelled IDDEAJIMNE.
  2856 | D:3      | 2856 ||| READING scroll labelled ULYHEOCETHO.
  2865 | D:3      | 2865 ||| Stepping randomly (stuck).
  2867 | D:3      | 2867 ||| Stepping randomly (stuck).
  2890 | D:3      | Reached XP level 5. HP: 32/32 MP: 5/5
  3121 | D:3      | 3121 ||| Stepping randomly (stuck).
  3126 | D:3      | 3126 ||| Stepping randomly (stuck).
  3127 | D:3      | 3127 ||| Stepping randomly (stuck).
  3128 | D:3      | 3128 ||| Stepping randomly (stuck).
  3129 | D:3      | 3129 ||| Stepping randomly (stuck).
  3130 | D:3      | 3130 ||| Stepping randomly (stuck).
  3131 | D:3      | 3131 ||| Stepping randomly (stuck).
  3132 | D:3      | 3132 ||| Stepping randomly (stuck).
  3133 | D:3      | 3133 ||| Stepping randomly (stuck).
  3134 | D:3      | 3134 ||| Stepping randomly (stuck).
  3135 | D:3      | 3135 ||| Stepping randomly (stuck).
  3136 | D:3      | 3136 ||| Stepping randomly (stuck).
  3140 | D:3      | 3140 ||| Stepping randomly (stuck).
  3141 | D:3      | 3141 ||| Stepping randomly (stuck).
  3142 | D:3      | 3142 ||| Stepping randomly (stuck).
  3144 | D:3      | 3144 ||| Stepping randomly (stuck).
  3146 | D:3      | 3146 ||| Stepping randomly (stuck).
  3148 | D:3      | 3148 ||| Stepping randomly (stuck).
  3150 | D:3      | 3150 ||| Stepping randomly (stuck).
  3151 | D:3      | 3151 ||| Stepping randomly (stuck).
  3152 | D:3      | 3152 ||| Stepping randomly (stuck).
  3153 | D:3      | 3153 ||| Stepping randomly (stuck).
  3154 | D:3      | 3154 ||| Stepping randomly (stuck).
  3155 | D:3      | 3155 ||| Stepping randomly (stuck).
  3156 | D:3      | 3156 ||| Stepping randomly (stuck).
  3157 | D:3      | 3157 ||| Stepping randomly (stuck).
  3163 | D:3      | 3163 ||| Stepping randomly (stuck).
  3168 | D:3      | 3168 ||| Stepping randomly (stuck).
  3169 | D:3      | 3169 ||| Stepping randomly (stuck).
  3170 | D:3      | 3170 ||| Stepping randomly (stuck).
  3171 | D:3      | 3171 ||| Stepping randomly (stuck).
  3176 | D:3      | 3176 ||| Stepping randomly (stuck).
  3177 | D:3      | 3177 ||| Stepping randomly (stuck).
  3178 | D:3      | 3178 ||| Stepping randomly (stuck).
  3179 | D:3      | 3179 ||| Stepping randomly (stuck).
  3180 | D:3      | 3180 ||| Stepping randomly (stuck).
  3181 | D:3      | 3181 ||| Stepping randomly (stuck).
  3183 | D:3      | 3183 ||| Stepping randomly (stuck).
  3184 | D:3      | 3184 ||| Stepping randomly (stuck).
  3185 | D:3      | 3185 ||| Stepping randomly (stuck).
  3186 | D:3      | 3186 ||| Stepping randomly (stuck).
  3187 | D:3      | 3187 ||| Stepping randomly (stuck).
  3188 | D:3      | 3188 ||| Stepping randomly (stuck).
  3189 | D:3      | 3189 ||| Stepping randomly (stuck).
  3190 | D:3      | 3190 ||| Stepping randomly (stuck).
  3191 | D:3      | 3191 ||| Stepping randomly (stuck).
  3192 | D:3      | 3192 ||| Stepping randomly (stuck).
  3193 | D:3      | 3193 ||| Stepping randomly (stuck).
  3194 | D:3      | 3194 ||| Stepping randomly (stuck).
  3195 | D:3      | 3195 ||| Stepping randomly (stuck).
  3196 | D:3      | 3196 ||| Stepping randomly (stuck).
  3197 | D:3      | 3197 ||| Stepping randomly (stuck).
  3198 | D:3      | 3198 ||| Stepping randomly (stuck).
  3199 | D:3      | 3199 ||| Stepping randomly (stuck).
  3200 | D:3      | 3200 ||| Stepping randomly (stuck).
  3201 | D:3      | 3201 ||| Stepping randomly (stuck).
  3202 | D:3      | 3202 ||| Stepping randomly (stuck).
  3203 | D:3      | 3203 ||| Stepping randomly (stuck).
  3204 | D:3      | 3204 ||| Stepping randomly (stuck).
  3205 | D:3      | 3205 ||| Stepping randomly (stuck).
  3206 | D:3      | 3206 ||| Stepping randomly (stuck).
  3207 | D:3      | 3207 ||| Stepping randomly (stuck).
  3208 | D:3      | 3208 ||| Stepping randomly (stuck).
  3209 | D:3      | 3209 ||| Stepping randomly (stuck).
  3241 | D:3      | 3241 ||| READING scroll of teleportation.
  3246 | D:3      | 3246 ||| Stepping ~*~*~tactically~*~*~ (stealth).
  3504 | D:3      | Found a runed translucent door.
  3505 | D:3      | Noticed Crazy Yiuf
  3594 | D:4      | Noticed a black bear
  3601 | D:4      | Killed a black bear
  3602 | D:4      | Reached skill level 5 in Axes
  3602 | D:4      | Reached XP level 6. HP: 25/37 MP: 6/6
  3800 | D:4      | 3800 ||| DROPPING +0 club.
  4272 | D:4      | Reached skill level 1 in Dodging
  4297 | D:4      | 4297 ||| READING 3 scrolls labelled WITUCOIDDO.
  4298 | D:4      | 4298 ||| READING 2 scrolls of enchant weapon.
  4298 | D:4      | 4298 ||| ENCHANTING +1 war axe of chaos.
  4299 | D:4      | 4299 ||| READING scroll of enchant weapon.
  4299 | D:4      | 4299 ||| ENCHANTING +2 war axe of chaos.
  4300 | D:4      | 4300 ||| DRINKING 2 emerald potions.
  4328 | D:5      | Entered Level 5 of the Dungeon
  4329 | D:5      | 4329 ||| PLANNING SEWER
  4440 | D:5      | Found a glowing drain.
  4441 | D:5      | 4441 ||| READING scroll labelled JABLOAM QASO.
  4446 | Sewer    | Entered a sewer
  4525 | Sewer    | Reached skill level 6 in Axes
  4525 | Sewer    | Reached XP level 7. HP: 25/43 MP: 7/7
  4528 | Sewer    | HP: 6/43 [kobold brigand/+0 dagger (6)]
  4529 | Sewer    | 4529 ||| READING scroll of teleportation.
  4820 | Sewer    | Found a white marble altar of Elyvilon.
  4856 | Sewer    | 4856 ||| DROPPING potion of flight.
  4863 | D:5      | 4863 ||| PLANNING D:1-11
  5132 | D:5      | 5132 ||| Stepping ~*~*~tactically~*~*~ (stealth).
  5161 | D:5      | 5161 ||| Stepping ~*~*~tactically~*~*~ (stealth).
  5162 | D:5      | 5162 ||| Stepping ~*~*~tactically~*~*~ (stealth).
  5165 | D:5      | 5165 ||| Stepping ~*~*~tactically~*~*~ (stealth).
  5166 | D:5      | 5166 ||| Stepping ~*~*~tactically~*~*~ (stealth).
  5170 | D:5      | Reached skill level 7 in Axes
  5171 | D:5      | HP: 2/43 [gnoll/+0 halberd (10)]
  5172 | D:5      | 5172 ||| DRINKING 3 potions of heal wounds.
  5172 | D:5      | Mangled by an ogre

Levels and vault maps discovered:
D:1:      minmay_arrival_shattered_statue, layout_loops_corners,
          minmay_misc_feat_rows, minivault_11, lemuel_flame_loot_1
D:2:      layout_basic
D:3:      layout_basic, grunt_qazlal_sundering,
          nicolae_yredelemnul_ghost_church, roderic_serpentine_path,
          minmay_puff, uniq_crazy_yiuf_cottage
D:4:      layout_basic
D:5:      layout_basic, minmay_temple_entry_enclosed_plants,
          portal_sewer_entry_e, kennysheep_generic_room_10

Skill      XL: |  1  2  3  4  5  6  7 |
---------------+----------------------+-----
Axes           | 2 3 4 5 6 7 |  7.0
Fighting       | 4 |  4.0
Dodging        | 1 |  1.1
Armour         | |  3.2
Shields        | |  3.2

Action                   |  1- 3 |  4- 6 |  7- 9 || total
-------------------------+-------+-------+-------++-------
Melee: War axe           |    83 |   108 |    20 ||   211
Throw: Boomerang         |    12 |    46 |       ||    58
  Use: Scroll            |     3 |    10 |     1 ||    14
       Potion            |     1 |     1 |     1 ||     3
 Stab: Petrifying        |       |     1 |       ||     1
Armor: Scale mail        |    53 |    60 |     6 ||   119
Dodge: Dodged            |    48 |    42 |     6 ||    96
Block: Buckler           |     7 |    23 |     4 ||    34

Table legend:
 A = Non-vault XP
 B = Vault XP
 C = Vault XP percentage of total XP
 D = Non-vault monster count
 E = Vault monster count
 F = Vault count percentage of total count
                 A         B        C        D         E       F
            +---------+---------+-------+---------+---------+-------
      Total |     661 |     249 |  27.4 |      65 |      18 |  21.7
            +---------+---------+-------+---------+---------+-------
        D:1 |      22 |       0 |   0.0 |      14 |       0 |   0.0
        D:2 |      58 |       0 |   0.0 |      22 |       0 |   0.0
        D:3 |      77 |      27 |  26.0 |      13 |       6 |  31.6
        D:4 |     284 |       0 |   0.0 |      11 |       0 |   0.0
        D:5 |     220 |       0 |   0.0 |       5 |       0 |   0.0
      Sewer |       0 |     222 | 100.0 |       0 |      12 | 100.0
            +---------+---------+-------+---------+---------+-------
